 Dungeon Crawl Stone Soup version 0.14-a0-2939-ge0b1554 (webtiles) character file.

344 Herrn the Magician (level 5, 0/39 HPs)
             Began as a Demonspawn Transmuter on Mar 3, 2014.
             Killed by miscasting Ice Form (6 damage)
             ... in a sewer.
             The game lasted 00:24:05 (2781 turns).

Herrn the Magician (Demonspawn Transmuter)          Turns: 2781, Time: 00:24:05

HP   0/39        AC  2     Str 11      XL: 5   Next: 36%
MP   7/11        EV 14     Int 14      God:
Gold 160         SH  0     Dex 12      Spells:  2 memorised,  6 levels left

rFire  . . .     SeeInvis .       - Unarmed
rCold  . . .     Clarity  .     c - +0 robe
rNeg   . . .     Conserve .     (no shield)
rPois  +         rCorr    .     (helmet restricted)
rElec  .         rRot     .     (no cloak)
SustAb . .       Spirit   .     (no gloves)
rMut   .         Warding  .     (no boots)
Saprov . . .     Stasis   .     (no amulet)
MR     .....                    w - +1 ring of evasion
                                e - ring of poison resistance

@: very slightly contaminated, not resistant to hostile enchantments, unstealthy
A: antennae 1, blink 1, clumsy 1, powered by death 2
a: Blink


You were in a sewer.
You were hungry.

You visited 1 branch of the dungeon, and saw 3 of its levels.
You also visited: Sewer.

You collected 160 gold pieces.

Inventory:

Missiles
 b - 12 arrows
Armour
 c - a +0 robe (worn)
 p - a +1 chain mail
Comestibles
 a - 4 bread rations
 h - 17 grapes
 i - a chunk of adder flesh
 l - 3 meat rations
 n - 2 chunks of rat flesh
 r - 2 apples
Scrolls
 f - a scroll of amnesia {unknown}
 k - 7 scrolls of identify {unknown}
Jewellery
 e - a ring of poison resistance (left hand)
 w - a +1 ring of evasion (right hand)
Books
 d - a book of Changes

   Spells                             Type                      Level
   *Beastly Appendage                 Transmutation                1
   Sticks to Snakes                   Transmutation                2
   Spider Form                        Transmutation/Poison         3
   *Ice Form                          Ice/Transmutation            4
   Blade Hands                        Transmutation                5


   Skills:
 * Level 2.4 Fighting
 + Level 2.8 Dodging
 - Level 2.6 Unarmed Combat
 * Level 3.6 Spellcasting
 + Level 2.5 Transmutations


You had 6 spell levels left.
You knew the following spells:

 Your Spells              Type           Power        Failure   Level  Hunger
a - Beastly Appendage     Trmt           #.....       10%         1    None
b - Ice Form              Ice/Trmt       #.........   95%         4    ####...


Dungeon Overview and Level Annotations

Branches:
Dungeon (3/16)

Altars:


Innate Abilities, Weirdness & Mutations

You have a pair of small antennae on your head.*
You can steal the life force of defeated enemies.
You can translocate small distances at will.
You are clumsy. (Dex -2)


Message History

* * * LOW HITPOINT WARNING * * *
You feel better. The big fish closely misses you.
You hit the big fish. Your kick misses the big fish.
The big fish is severely wounded.
The big fish bites you!
* * * LOW HITPOINT WARNING * * *
Your talons disappear.
You are feeling hungry.
This spell is very dangerous to cast!
Memorise Ice Form, consuming 4 spell levels and leaving 6?
You start memorising the spell.
You continue memorising.
You continue memorising.
You finish memorising.
You can't go up here!
Casting: Beastly Appendage
Confirm with . or Enter, or press ? or * to list all spells.
You miscast Ice Form.
You are very lightly contaminated with residual magic.
Your body is twisted painfully.
You die...

#≈# #≈# #≈# #≈# #≈# #≈#
#≈# #######≈##
.≈.≈.≈.≈≈@#######
≈≈≈≈≈.≈≈.......#######
≈≈≈≈≈≈≈≈≈≈≈;≈≈≈≈≈≈≈≈≈#
≈≈≈≈≈≈≈≈≈≈≈≈≈≈≈≈≈≈≈≈≈≈≈≈
≈≈≈≈≈≈≈≈≈≈≈≈≈≈≈≈≈≈≈###
≈≈≈≈..≈.......######
≈...≈≈.###.### #######
#∩# ###


You could see a big fish.

Vanquished Creatures
  An orc wizard (D:3)
  6 adders
  3 giant mites
  2 worms (D:2)
  A giant gecko (D:1)
  3 oozes (D:2)
  5 orcs
  8 bats
  2 giant cockroaches
  3 hobgoblins
  3 quokkas
  2 ball pythons
  2 giant newts
  10 goblins
  3 jackals (D:3)
  9 kobolds
  14 rats
77 creatures vanquished.

Notes
Turn   | Place    | Note
--------------------------------------------------------------
     0 | D:1      | Herrn, the Demonspawn Transmuter, began the quest for the Orb.
     0 | D:1      | Reached XP level 1. HP: 15/15 MP: 3/3
   141 | D:1      | Gained mutation: You can steal the life force of nearby defeated enemies. [demonic ancestry]
   141 | D:1      | Reached XP level 2. HP: 7/21 MP: 3/5
  1079 | D:2      | Gained mutation: You have a pair of small antennae on your head. [demonic ancestry]
  1079 | D:2      | Reached XP level 3. HP: 3/26 MP: 6/6
  1686 | D:2      | Reached XP level 4. HP: 23/33 MP: 8/8
  1795 | D:2      | Reached skill level 3 in Spellcasting
  2187 | D:3      | Paralysed by a potion of paralysis for 5 turns
  2192 | D:3      | Gained mutation: You are clumsy. (Dex -2) [potion of mutation]
  2192 | D:3      | Gained mutation: You can translocate small distances at will. [potion of mutation]
  2223 | D:3      | Gained mutation: You can steal the life force of defeated enemies. [demonic ancestry]
  2223 | D:3      | Reached XP level 5. HP: 3/39 MP: 9/11
  2664 | D:3      | Found a glowing drain.
  2681 | Sewer    | Entered a sewer
  2767 | Sewer    | HP: 1/39 [big fish (6)]
  2781 | Sewer    | Learned a level 4 spell: Ice Form
  2781 | Sewer    | Killed by miscasting Ice Form

Action                   |  1- 3 |  4- 6 || total
-------------------------+-------+-------++-------
Melee: Unarmed           |   163 |   186 ||   349
 Cast: Beastly Appendage |    22 |    21 ||    43
  Use: Potion            |       |     7 ||     7
       Scroll            |       |     4 ||     4
 Stab: Invisible         |       |     2 ||     2
